 Dungeon Crawl Stone Soup version 0.31-a0-981-geadf994542 (webtiles) character file.

Game seed: 4728967207072201377

157 gruber the Gusty (level 5, -1/28 HPs)
             Began as a Tengu Air Elementalist on Nov 1, 2023.
             Was an Initiate of Vehumet.
             Slain by Terence
             ... wielding a +0 mace of holy wrath
              (8 damage)
             ... on level 3 of the Dungeon.
             The game lasted 00:04:02 (2922 turns).

gruber the Gusty (Tengu Air Elementalist)           Turns: 2922, Time: 00:04:03

Health: -1/28      AC:  2    Str:  8    XL:     5   Next: 38%
Magic:  1/9        EV: 12    Int: 17    God:    Vehumet [......]
Gold:   124        SH:  0    Dex: 15    Spells: 3/8 levels left

rFire   . . .        m - +3 short sword
rCold   . . .        (no shield)
rNeg    . . .        a - +0 robe
rPois   .            (helmet restricted)
rElec   .            (no cloak)
rCorr   .            (no gloves)
SInv    .            (boots unavailable)
Will    .....        (no amulet)
Stlth   ++           (no ring)
HPRegen 0.24/turn    (no ring)
MPRegen 0.11/turn

%: acrobat
@: no status effects
A: beak, talons 3, acrobatic
a: Renounce Religion


You were on level 3 of the Dungeon.
You worshipped Vehumet.
Vehumet was noncommittal.
You visited 1 branch of the dungeon, and saw 3 of its levels.

You collected 124 gold pieces.

Inventory:

Hand Weapons
 m - a +3 short sword (weapon)
Armour
 a - a +0 robe (worn)
Wands
 k - a wand of flame (7)
Scrolls
 e - a scroll of poison {unknown}
 g - 2 scrolls of fog {unknown}
 h - 2 scrolls of teleportation {unknown}
 i - a scroll of revelation {unknown}
 j - a scroll of enchant weapon {unknown}
Potions
 b - a potion of magic
 d - a potion of attraction {unknown}
 f - a potion of heal wounds {unknown}
 l - a potion of might {unknown}


   Skills:
 - Level 2.1 Dodging
 - Level 2.0 Stealth
 - Level 2.0 Spellcasting
 - Level 1.3 Conjurations
 + Level 7.8 Air Magic


You had 3 spell levels left.
You knew the following spells:

 Your Spells              Type           Power      Damage    Failure   Level
a - Shock                 Conj/Air       68%        1d7       3%          1
b - Airstrike             Air            14%        2d(2-18)  8%          4

Your spell library contained the following spells:

 Spells                   Type           Power      Damage    Failure   Level
 Swiftness                Air            28%        N/A       2%          3
 Static Discharge         Conj/Air       34%        3-5/arc   4%          2


Dungeon Overview and Level Annotations

Branches:
Dungeon (3/15)

Altars:
Dithmenos
Ru
Vehumet

Annotations:
D:3 Terence


Innate Abilities, Weirdness & Mutations

You have a beak for a mouth.
You have claws for feet.
You can magically evade attacks while moving or waiting.


Message History

Terence is severely wounded.
Terence misses you.
Unknown command.
Unknown command.
Casting: Shock (safe; 3% risk of failure)
Confirm with . or Enter, or press ? or * to list all spells.
Aiming: Shock (safe; 3% risk of failure)
Press: ? - help, Shift-Dir - straight line The zap hits Terence.
Terence is almost dead.
Terence hits you with a +0 mace of holy wrath!
Unknown command.
Unknown command.
Casting: Shock (safe; 3% risk of failure)
Confirm with . or Enter, or press ? or * to list all spells.
Aiming: Shock (safe; 3% risk of failure)
Press: ? - help, Shift-Dir - straight line The zap hits Terence but does no damage.
Terence is almost dead.
Terence hits you with a +0 mace of holy wrath.
Unknown command.
Unknown command.
Casting: Shock (safe; 3% risk of failure)
Confirm with . or Enter, or press ? or * to list all spells.
Aiming: Shock (safe; 3% risk of failure)
Press: ? - help, Shift-Dir - straight line The zap hits Terence but does no damage.
Terence is almost dead.
Terence hits you with a +0 mace of holy wrath!
* * * LOW HITPOINT WARNING * * *
Unknown command.
Unknown command.
Casting: Shock (safe; 3% risk of failure)
Confirm with . or Enter, or press ? or * to list all spells.
Aiming: Shock (safe; 3% risk of failure)
Press: ? - help, Shift-Dir - straight line The zap hits Terence.
Terence is almost dead.
Terence hits you with a +0 mace of holy wrath!
You die...

#.......##@...........
#..###)#.†.............
#.####.#.##.. .........
#........# . ######)###
#.# #.# #@# #@#########
#......!†). ###########


You could see Terence.

Vanquished Creatures
  Jessica (D:3)
  3 adders
  3 gnolls (D:3)
  9 orcs (D:3)
  4 ball pythons
  5 bats
  6 endoplasms
  11 giant cockroaches
  3 goblins
  3 hobgoblins
  4 jackals (D:1)
  5 frilled lizards
  4 kobolds
  4 rats
65 creatures vanquished.

Notes
Turn   | Place    | Note
-------+----------+-------------------------------------------
     0 | D:1      | gruber the Tengu Air Elementalist began the quest for the
                  | Orb.
     0 | D:1      | Reached XP level 1. HP: 10/10 MP: 4/4
   190 | D:1      | Reached XP level 2. HP: 15/15 MP: 1/6
   372 | D:1      | Reached skill level 5 in Air Magic
   941 | D:2      | Reached XP level 3. HP: 19/19 MP: 5/7
  1038 | D:2      | Found a faded altar of an unknown god.
  1552 | D:2      | Reached skill level 6 in Air Magic
  1807 | D:2      | Found a shadowy altar of Dithmenos.
  2076 | D:3      | Reached XP level 4. HP: 24/24 MP: 6/8
  2192 | D:3      | Noticed Jessica
  2233 | D:3      | Reached skill level 7 in Air Magic
  2315 | D:3      | Killed Jessica
  2316 | D:3      | Reached XP level 5. HP: 28/28 MP: 6/9
  2443 | D:3      | Found a radiant altar of Vehumet.
  2447 | D:3      | Became a worshipper of Vehumet
  2574 | D:3      | Found a sacrificial altar of Ru.
  2862 | D:3      | Noticed Terence
  2909 | D:3      | Learned a level 4 spell: Airstrike
  2922 | D:3      | Slain by Terence

Illustrated notes

Levels and vault maps discovered:
D:1:      minmay_arrival_arboretum_small, layout_loops_ring
D:2:      minmay_roachtagon, layout_loops_corners,
          shapermc_ecumenical_altar_starsandcircs, basic_altar
D:3:      layout_rooms, mainiacjoe_overflow_big_doors, uniq_jessica,
          uniq_terence

Skill      XL: |  1  2  3  4 |
---------------+-------------+-----
Air Magic      | 5 6 7 |  7.8
Dodging        | |  2.1
Stealth        | |  2.0
Spellcasting   | |  2.0
Conjurations   | |  1.3

Action                     |  1- 3 |  4- 6 || total
---------------------------+-------+-------++-------
  Melee: Unarmed           |     6 |       ||     6
         Short sword       |    14 |     1 ||    15
         Kick              |     3 |       ||     3
         Peck              |     1 |       ||     1
         Punch             |     1 |       ||     1
   Cast: Shock             |    79 |    70 ||   149
 Armour: Robe              |    13 |    12 ||    25
  Dodge: Dodged            |    30 |    11 ||    41

Table legend: (Time is in decaauts)
 A = Elapsed time spent in this place.
 B = Non-inter-level travel time spent in this place.
 C = Inter-level travel time spent in this place.
 D = Time resting spent in this place.
 E = Time spent auto-exploring this place.
 F = Levels seen in this place.
 G = Mean time per level.
                   A        B        C        D        E       F      G
               +--------+--------+--------+--------+--------+-----+--------+
         Total |   2920 |   2893 |     27 |     35 |   2478 |   3 |  973.3 |
       Dungeon |   2920 |   2893 |     27 |     35 |   2478 |   3 |  973.3 |
               +--------+--------+--------+--------+--------+-----+--------+

Top non-repeatable levels by time:
     D:2: 1098 daAuts
     D:1: 912 daAuts
     D:3: 909 daAuts
